 Dungeon Crawl Stone Soup version 0.14-a0-1546-g4b4961f (webtiles) character file.

577 HollowCharge the Slasher (level 6, -15/45 HPs)
             Began as a High Elf Skald on Dec 16, 2013.
             Was an Initiate of Okawaru.
             Demolished by Prince Ribbit (17 damage)
             ... on Level 4 of the Dungeon on Dec 19, 2013.
             The game lasted 00:40:23 (3713 turns).

HollowCharge the Slasher (High Elf Skald)           Turns: 3713, Time: 00:40:24

HP -15/45        AC  6     Str 13      XL: 6   Next: 74%
MP   5/15        EV 10     Int 17      God: Okawaru [......]
Gold 128         SH  0     Dex 14      Spells:  4 memorised,  1 level left

rFire  . . .     SeeInvis +     a - +1,+0 elf falchion
rCold  . . .     Clarity  .     b - +1 elf leather armour
rNeg   . . .     Conserve .     (no shield)
rPois  +         rCorr    .     (no helmet)
rElec  .         rRot     .     q - +1 dwarf cloak
SustAb . .       Spirit   .     (no gloves)
rMut   .         Warding  .     (no boots)
Saprov . . .     Stasis   .     (no amulet)
                                i - +0,+5 ring of slaying
                                h - ring of poison resistance

@: very slightly contaminated, slightly resistant to hostile enchantments,
unstealthy
A: see invisible
a: Renounce Religion


You were on level 4 of the Dungeon.
You worshipped Okawaru.
Okawaru was noncommittal.
You were hungry.

You visited 1 branch of the dungeon, and saw 5 of its levels.

You collected 128 gold pieces.

Inventory:

Hand weapons
 a - a +1,+0 elven falchion (weapon)
 m - a +2,+1 quarterstaff of protection
Armour
 b - a +1 elven leather armour (worn)
 q - a +1 dwarven cloak (worn)
Comestibles
 d - 2 bread rations
 j - 6 grapes
 n - a meat ration
 p - a rotting chunk of quokka flesh
Scrolls
 e - a scroll of blinking {unknown}
 f - a scroll of curse armour {unknown}
 k - a scroll of amnesia
 l - a scroll of identify
Jewellery
 g - an uncursed ring of regeneration
 h - a ring of poison resistance (left hand)
 i - a +0,+5 ring of slaying (right hand)
Potions
 r - a potion of curing
Books
 c - a book of Battle

   Spells                             Type                      Level
   *Infusion                          Charms                       1
   *Shroud of Golubria                Charms/Translocation         2
   *Song of Slaying                   Charms                       2
   Spectral Weapon                    Hexes/Charms                 3
   *Regeneration                      Charms/Necromancy            3


   Skills:
 + Level 5.5 Fighting
 + Level 6.1 Long Blades
 - Level 0.8 Armour
 - Level 1.1 Dodging
 - Level 2.4 Spellcasting
 - Level 3.6 Charms


You had one spell level left.
You knew the following spells:

 Your Spells              Type           Power        Failure   Level  Hunger
a - Infusion              Chrm           ##....       4%          1    #......
b - Song of Slaying       Chrm           ##......     10%         2    ##.....
c - Shroud of Golubria    Chrm/Tloc      #.........   17%         2    ##.....
d - Regeneration          Chrm/Necr      #.........   30%         3    ###....


Dungeon Overview and Level Annotations

Branches:
Dungeon (5/16)
 Temple: D:4-7

Altars:
Okawaru

Annotations:
D:4 Prince Ribbit


Innate Abilities, Weirdness & Mutations

You have supernaturally acute eyesight.


Message History

The orc priest is severely wounded.
The orc priest hits you. Prince Ribbit barely misses you.
You closely miss the orc priest.
The orc priest is severely wounded.
You are feeling less magically infused.
Prince Ribbit closely misses you. The orc priest hits you.
Prince Ribbit hits you but does no damage.
You hit the orc priest!
You kill the orc priest!
Okawaru accepts your kill. Prince Ribbit hits you.
You slash the orc!
You kill the orc!
Okawaru accepts your kill.
Your skin stops crawling.
Prince Ribbit hits you!
* * * LOW HITPOINT WARNING * * *
The orc shouts!
Prince Ribbit hits you!
You die...

####.........# ##### ##....#
#....>......## #...# #.....#
#...........# ##...# #......
#..........o#### #....# #......
##........%....# #...#####.....
.#.....%..>....#####......##.....
..............o..................
...............).................
................@................
................F................
..%..............................
.................................
.................##.........###..
..............#####...........#..
..............####...#(..........
..<.............##...............
...........#....##......##.......


You could see Prince Ribbit and 2 orcs.

Vanquished Creatures
  An ogre (D:4)
  2 orc priests
  Crazy Yiuf (D:3)
  A centaur skeleton (D:4)
  2 worker ants (D:4)
  3 gnolls (D:4)
  4 adders
  A giant mite (D:3)
  2 giant geckos (D:3)
  22 orcs
  A ball python (D:3)
  14 hobgoblins
  7 jackals
  8 bats
  2 giant cockroaches
  3 giant newts
  7 goblins
  A hobgoblin skeleton (D:4)
  10 kobolds
  A kobold skeleton (D:4)
  4 quokkas
  9 rats
106 creatures vanquished.

Notes
Turn   | Place    | Note
--------------------------------------------------------------
     0 | D:1      | HollowCharge, the High Elf Skald, began the quest for the Orb.
     0 | D:1      | Reached XP level 1. HP: 14/14 MP: 4/4
   214 | D:1      | Reached XP level 2. HP: 16/20 MP: 1/6
   941 | D:2      | Reached XP level 3. HP: 18/26 MP: 4/8
  1137 | D:2      | Gained mutation: You have supernaturally acute eyesight. [potion of beneficial mutation]
  1293 | D:2      | Learned a level 2 spell: Song of Slaying
  1296 | D:2      | Learned a level 2 spell: Shroud of Golubria
  1464 | D:2      | Found an iron altar of Okawaru.
  1468 | D:2      | Became a worshipper of Warmaster Okawaru
  1472 | D:2      | Upgraded the game from 0.14-a0-1519-gc5e2f7f to 0.14-a0-1546-g4b4961f
  1764 | D:3      | Reached XP level 4. HP: 31/31 MP: 1/11
  1772 | D:3      | Reached skill level 4 in Long Blades
  2153 | D:3      | Reached XP level 5. HP: 35/37 MP: 12/12
  2169 | D:3      | Learned a level 3 spell: Regeneration
  2511 | D:3      | Noticed Crazy Yiuf
  2519 | D:3      | Killed Crazy Yiuf
  2519 | D:3      | Reached skill level 5 in Long Blades
  2858 | D:4      | Noticed an ogre
  2867 | D:4      | Killed an ogre
  2867 | D:4      | Reached XP level 6. HP: 43/45 MP: 6/15
  3018 | D:4      | Reached skill level 5 in Fighting
  3295 | D:4      | Reached skill level 6 in Long Blades
  3524 | D:4      | Noticed Prince Ribbit
  3529 | D:5      | Entered Level 5 of the Dungeon
  3712 | D:4      | HP: 2/45 [Prince Ribbit (12)]
  3713 | D:4      | Demolished by Prince Ribbit

Action                   |  1- 3 |  4- 6 || total
-------------------------+-------+-------++-------
Melee: Falchion          |    89 |   172 ||   261
 Cast: Infusion          |    16 |    12 ||    28
       Song of Slaying   |     1 |     3 ||     4
       Shroud of Golubri |     1 |     2 ||     3
       Regeneration      |       |     3 ||     3
  Use: Scroll            |     5 |     9 ||    14
       Potion            |     2 |     4 ||     6
